 Dungeon Crawl Stone Soup version 0.18.1-50-g88ac8fd (webtiles) character file.

156912 ender666 the Peltast (level 17, -3/108 HPs)
             Began as a Gargoyle Fighter on Oct 20, 2016.
             Was the Champion of the Shining One.
             Slain by a sea snake (11 damage)
             ... on level 4 of the Shoals on Oct 21, 2016.
             The game lasted 03:14:23 (32047 turns).

ender666 the Peltast (Gargoyle Fighter)            Turns: 32047, Time: 03:14:24

Health: -3/108     AC: 43    Str: 45    XL:     17   Next: 68%
Magic:  2/2        EV: 18    Int:  6    God:    the Shining One [******]
Gold:   1388       SH: 27    Dex: 18    Spells: 0 memorised, 16 levels left

rFire  x . .     SeeInvis .     u - +6 morningstar of the Scorpion {antimagic, Str+3 Stlth+}
rCold  + + .     Gourm    .     H - +5 ice dragon armour of Failure {rPois rF- rC++}
rNeg   + + +     Faith    .     P - +0 large shield
rPois  ∞         Spirit   .     (helmet restricted)
rElec  +         Dismiss  +     x - +1 cloak {MR+}
rCorr  .         Reflect  .     O - +1 pair of gloves {Str+3}
SustAt .         Harm     .     W - +2 pair of boots
MR     ++...     Clarity  +     j - amulet of Mabruh {Dismiss MP-9 Str+8 Dex+4}
Stlth  +......... NoTele   +    e - ring of Duarefok {-Tele rPois rN+ Str+3 Int-4}
                                F - +4 ring of protection

@: mighty, flying, glowing, very resistant to hostile enchantments, very
unstealthy
A: antennae 1, big wings, talons 1, agile 1, blink, clarity, mutation resistance
1, negative energy resistance 1, electricity resistance, unbreathing,
petrification resistance, rot immunity, MP-powered wands, AC +12
a: Stop Flying, Blink, Divine Shield, Cleansing Flame, Summon Divine Warrior,
Brand Weapon With Holy Wrath, Renounce Religion


You were on level 4 of the Shoals.
You worshipped the Shining One.
The Shining One was exalted by your worship.
You were not hungry.

You visited 4 branches of the dungeon, and saw 29 of its levels.
You also visited: Bailey, Ice Cave and Volcano.

You collected 3193 gold pieces.
You spent 1805 gold pieces at shops.

Inventory:

Hand Weapons
 u - the +6 morningstar of the Scorpion (weapon) {antimagic, Str+3 Stlth+}
   (You bought it in a shop on level 2 of the Orcish Mines)

   It disrupts the flow of magical energy around spellcasters and certain
   magical creatures (including the wielder).
   It affects your strength (+3).
   It makes you more stealthy.
 B - a +2 long sword of electrocution
 G - a +9 flail of protection
 L - the +9 whip "Sirulo Agohi" {freeze, rPois rF- Dex+3}
   (You took it off a big kobold on level 11 of the Dungeon)

   It has been specially enchanted to freeze those struck by it, causing extra
   injury to most foes and up to half again as much damage against particularly
   susceptible opponents.
   It can also slow down cold-blooded creatures.
   It affects your dexterity (+3).
   It makes you vulnerable to fire.
   It protects you from poison.
Missiles
 d - 26 tomahawks (quivered)
 y - 4 tomahawks of returning
 E - 7 silver tomahawks
Armour
 r - a +1 cloak
 x - a +1 cloak of magic resistance (worn)
 H - the +5 ice dragon armour of Failure (worn) {rPois rF- rC++}
   (You found it on level 5 of the Dungeon)

   It makes you vulnerable to fire.
   It greatly protects you from cold.
   It protects you from poison.
 J - a troll hide {Snorg}
 O - a +1 pair of gloves of strength (worn)
 P - a +0 large shield (worn)
 W - a +2 pair of boots (worn)
 X - the +4 ring mail "Deiskerr" {Int+4}
   (You bought it in a shop on level 2 of the Orcish Mines)

   It affects your intelligence (+4).
Jewellery
 a - an uncursed ring of see invisible
 e - the ring of Duarefok (right hand) {-Tele rPois rN+ Str+3 Int-4}
   (You bought it in a shop on level 2 of the Orcish Mines)

   [ring of intelligence]

   It affects your strength (+3).
   It affects your intelligence (-4).
   It protects you from poison.
   It protects you from negative energy.
   It prevents most forms of teleportation.
 j - the amulet of Mabruh (around neck) {Dismiss MP-9 Str+8 Dex+4}
   (You acquired it in a bailey)

   [amulet of dismissal]

   It may teleport away creatures that harm you.
   It affects your strength (+8).
   It affects your dexterity (+4).
   It affects your magic capacity (-9).
 F - a +4 ring of protection (left hand)
 I - an uncursed ring of protection from fire
 N - a +3 ring of protection
Wands
 w - a wand of teleportation (7/9)
 M - a wand of heal wounds (7/9)
Scrolls
 h - a scroll of recharging
 k - a scroll of magic mapping
 m - 4 scrolls of blinking
 n - 4 scrolls of fear
 p - 11 scrolls of teleportation
 s - 3 scrolls of identify
 v - 8 scrolls of remove curse
 Z - 3 scrolls of brand weapon
Potions
 b - 2 potions of might
 c - 2 potions of cure mutation
 C - 4 potions of mutation
 U - a potion of agility
Miscellaneous
 S - a crystal ball of energy
Comestibles
 f - 12 bread rations
 i - 9 beef jerkies
 q - 12 meat rations
 t - 14 fruits
 z - a royal jelly


   Skills:
 + Level 12.9 Fighting
 + Level 7.7 Long Blades
 + Level 13.3 Maces & Flails
 + Level 1.1 Throwing
 + Level 10.4 Armour
 + Level 11.1 Dodging
 + Level 2.5 Stealth
 + Level 19.7 Shields


You had 16 spell levels left.
You didn't know any spells.

Dungeon Overview and Level Annotations

Branches:
Dungeon (15/15)            Temple (0/1) D:4            Lair (8/8) D:11
 Shoals (4/4) Lair:3        Snake (0/4) Lair:3        Slime (0/6) Lair:6
    Orc (2/2) D:9             Elf (0/3) Orc:2        Vaults (0/5) D:13
 Depths (0/5) D:15

Altars:
Cheibriados
Elyvilon
Gozag
Makhleb
Nemelex Xobeh
Okawaru
Pakellas
Sif Muna
Vehumet
The Shining One
Beogh
Jiyva

Shops:
D:5 ?   D:10 }   D:12 *   D:15 *   Orc:2 [=*(

Portals:
Trove: D:15 (lose all piety)


Innate Abilities, Weirdness & Mutations

You are resistant to torment.
Your stone body is resilient (AC +12).
You are immune to poison.
Your large and strong wings let you fly indefinitely.
You resist negative energy.
You are resistant to electric shocks.
You can survive without breathing.
You are immune to petrification.
You are immune to rotting.
You have a pair of small antennae on your head.
You have sharp toenails.
You are agile. (Dex +2)
You can translocate small distances at will.
You possess an exceptional clarity of mind.
You are somewhat resistant to further mutation.
You expend magic power (3 MP) to strengthen your wands.


Message History

The griffon claws you but does no damage.
The harpy screeches!
You block the sea snake's attack. You block the harpy's attack.
The harpy claws you but does no damage. The water elemental misses you.
The merfolk aquamancer hits you but does no damage.
You block the sea snake's attack.
A griffon comes into view.
You block the harpy's attack. The harpy barely misses you.
The harpy screeches!
You block the water elemental's attack.
The merfolk aquamancer gestures at you while chanting.
You block the great wave of water.
The wave splashes down.
You hear an angry hiss.
You hear a shout! x3
You block the harpy's attack. x2; You block the sea snake's attack.
The harpy screeches!
You block the griffon's attack.
The griffon pecks you but does no damage.
You block the griffon's attack. The water elemental hits you.
You block the harpy's attack. The harpy misses you. The sea snake bites you!
You die...

≈≈≈≈≈.....))(≈#
≈≈≈≈≈≈.##m(()≈≈#
≈≈≈≈≈≈≈≈...<(..≈#
≈≈≈≈≈≈≈.........#
≈≈≈≈≈≈≈.........#
≈≈≈≈≈≈≈≈...≈..###
≈≈≈≈≈≈≈..(≈≈..#
≈≈≈≈≈...≈≈≈..##
#####....≈≈E@..#...
##..≈##..≈HmHHS.!.≈≈≈
#...≈≈#≈≈≈≈≈≈≈≈≈≈≈≈≈≈
#..|≈≈'≈≈≈≈≈≈≈≈≈≈≈≈≈≈
#...≈≈#≈≈≈≈≈≈≈≈≈≈≈≈≈≈
##..m##≈≈≈≈≈≈≈≈≈≈≈≈≈≈
#####≈≈≈≈≈≈≈≈≈≈≈≈≈≈≈
≈≈≈≈≈≈≈≈≈≈≈≈≈≈≈≈≈≈
≈≈≈≈≈≈≈≈≈≈≈≈≈≈≈≈≈≈≈


You could see 2 griffons, a sea snake, a merfolk aquamancer, a merfolk, a water
elemental and a harpy.

Vanquished Creatures
  Nikola (Shoals:3)
  2 krakens (Shoals:3)
  Frances (Shoals:2)
  Louise (Shoals:3)
  Donald (Shoals:3)
  3 orc warlords (Orc:1)
  6 dire elephants (Lair:8)
  Azrael (Orc:2)
  A white draconian (IceCv)
  2 merfolk impalers
  Snorg (Orc:1)
  2 vault guards (D:13)
  The ghost of ciphuk the Grappler, a journeyman DrMo of Makhleb (D:12)
  A yaktaur captain (D:15)
  The ghost of Dwachs the Eclecticist, a journeyman SpEn of Ashenzari (Lair:6)
  3 merfolk avatars
  The ghost of Necrotakul the Fighter, a journeyman OpFi of Dithmenos (Lair:1)
  An anaconda (Lair:8)
  11 hydras
  A centaur warrior (D:15)
  4 merfolk aquamancers
  2 satyrs
  7 death yaks
  5 orc high priests
  Nergalle (Orc:1)
  3 unseen horrors (D:13)
  4 sea snakes
  2 hill giants
  2 necromancers (D:13)
  A lindwurm (Lair:4)
  21 harpies
  6 orc knights
  A wizard (D:13)
  6 orc sorcerers
  3 ugly things
  5 manticores
  12 fauns
  A wolf spider (D:15)
  9 griffons
  6 cyclopes
  10 elephants
  The ghost of Peloso the Ducker, a novice TrFi of Okawaru (D:5)
  5 sirens
  6 black mambas
  An ice statue (IceCv)
  A centaur zombie (D:15)
  13 spiny frogs
  A gargoyle (D:13)
  4 water nymphs
  7 kobold demonologists
  A rime drake (Lair:7)
  A freezing wraith (D:15)
  2 yaktaurs
  3 centaur skeletons (D:13)
  11 komodo dragons
  13 polar bears
  8 trolls
  16 merfolk
  A polar bear (shapeshifter) (D:13)
  17 blink frogs
  A boulder beetle (Lair:7)
  9 snapping turtles
  A shadow (D:13)
  5 wyverns
  2 vampires (D:13)
  A fire elemental (Orc:2)
  The ghost of Schimscham the Covert, an amateur SpEn (D:4)
  18 humans (D:13)
  14 water elementals
  A wraith (D:15)
  52 yaks
  6 fire bats (Volcano)
  A basilisk (Lair:7)
  A hungry ghost (D:14)
  8 hippogriffs
  4 mottled dragons (Volcano)
  2 steam dragons
  A soldier ant (D:12)
  2 wargs
  2 vampire mosquitoes (D:12)
  7 nagas (Lair:3)
  21 water moccasins
  10 porcupines
  5 hell hounds
  52 orc warriors
  5 sky beasts
  2 ice beasts
  2 black bears
  3 phantoms
  2 wasps
  12 ogres
  30 wolves
  20 centaurs
  2 big kobolds
  16 crocodiles
  17 giant frogs
  A wyvern zombie (D:7)
  A water moccasin zombie (D:8)
  25 killer bees
  5 scorpions
  3 howler monkeys
  2 vampire bats (Lair:3)
  11 electric eels
  9 crimson imps
  6 giant frog zombies
  A quasit (D:7)
  6 giant frog skeletons
  6 hounds
  27 orc wizards
  15 orc priests
  3 jellies
  Jessica (D:2)
  Natasha (thrice) (D:3)
  10 iguanas
  15 worker ants
  27 sheep
  2 hound zombies
  2 hound skeletons
  2 worker ant zombies (D:7)
  17 adders
  A howler monkey skeleton (D:5)
  21 gnolls
  46 river rats
  2 shadow imps
  12 white imps (Lair:1)
  2 oozes (D:4)
  An adder skeleton (D:4)
  3 adder zombies (D:9)
  6 worms
  2 dart slugs
  10 giant geckos
  75 orcs
  5 giant cockroaches
  19 goblins
  12 hobgoblins
  10 jackals
  23 kobolds
  5 quokkas
  2 ball pythons
  24 bats
  3 giant newts
  2 quokka skeletons
  6 rats
  3 fungi
  9 plants
  4 tentacles (Shoals:3)
1111 creatures vanquished.

Vanquished Creatures (others)
  A cyclops (D:11)
  A polar bear (IceCv)
  2 blink frogs (Lair:8)
  A warg (Orc:2)
  An orc warrior (Orc:2)
  2 wolves
  A gnoll (Orc:2)
  An orc (D:5)
  10 fungi
  11 plants
  50 tentacles (Shoals:3)
  1918 tentacle segments (Shoals:3)
1999 creatures vanquished.

Grand Total: 3110 creatures vanquished

Notes
Turn   | Place    | Note
--------------------------------------------------------------
     0 | D:1      | ender666 the Gargoyle Fighter began the quest for the Orb.
     0 | D:1      | Reached XP level 1. HP: 14/14 MP: 1/1
   202 | D:1      | Reached XP level 2. HP: 19/19 MP: 2/2
   885 | D:2      | Found a faded altar to an unknown god.
   895 | D:2      | Became a worshipper of the Shining One
   895 | D:2      | Reached * piety under the Shining One
   927 | D:2      | Noticed Jessica
   934 | D:2      | Killed Jessica
   934 | D:2      | Reached XP level 3. HP: 17/24 MP: 3/3
   985 | D:2      | Reached skill level 4 in Shields
  1045 | D:2      | Reached XP level 4. HP: 29/29 MP: 4/4
  1064 | D:2      | Found a deep blue altar of Sif Muna.
  1075 | D:2      | Found a radiant altar of Vehumet.
  1083 | D:2      | Found a glowing golden altar of the Shining One.
  1086 | D:2      | Found an oddly glowing altar of Pakellas.
  1184 | D:2      | Found an opulent altar of Gozag.
  1512 | D:3      | Noticed a black bear
  1519 | D:3      | Killed a black bear
  1519 | D:3      | Reached XP level 5. HP: 33/33 MP: 5/5
  1648 | D:3      | Reached skill level 5 in Shields
  1648 | D:3      | Reached XP level 6. HP: 38/38 MP: 6/6
  1823 | D:3      | Noticed Natasha
  1829 | D:3      | Killed Natasha
  1829 | D:3      | Reached ** piety under the Shining One
  1887 | D:3      | Noticed Natasha
  1890 | D:3      | Killed Natasha
  2050 | D:3      | Noticed Natasha
  2056 | D:3      | Killed Natasha
  2266 | D:4      | Found a staircase to the Ecumenical Temple.
  2366 | D:4      | Noticed Schimscham's ghost (amateur SpEn)
  2389 | D:4      | Killed Schimscham's ghost
  2389 | D:4      | Reached XP level 7. HP: 44/44 MP: 7/7
  2416 | D:4      | Reached skill level 6 in Shields
  2432 | D:4      | HP: 2/44 [orc warrior/flail (4)]
  2433 | D:4      | The Shining One protects you from harm!
  2434 | D:4      | The Shining One protects you from harm!
  2696 | D:4      | Reached skill level 5 in Armour
  2773 | D:4      | Reached XP level 8. HP: 14/48 MP: 8/8
  3037 | D:4      | Reached skill level 5 in Long Blades
  3598 | D:5      | Entered Level 5 of the Dungeon
  3684 | D:5      | Noticed Peloso's ghost (novice TrFi)
  3685 | D:5      | Found a white marble altar of Elyvilon.
  3719 | D:5      | Killed Peloso's ghost
  3719 | D:5      | Reached skill level 5 in Fighting
  3719 | D:5      | Reached skill level 7 in Shields
  4186 | D:5      | Found Ilyeteam's Magic Scroll Emporium.
  4189 | D:5      | Bought a scroll of magic mapping for 38 gold pieces
  4189 | D:5      | Bought a scroll of identify for 22 gold pieces
  4189 | D:5      | Bought a scroll of identify for 22 gold pieces
  4189 | D:5      | Bought a scroll of magic mapping for 38 gold pieces
  4322 | D:5      | Reached *** piety under the Shining One
  4389 | D:5      | Found an iron altar of Okawaru.
  4621 | D:5      | Reached XP level 9. HP: 54/54 MP: 9/9
  4660 | D:5      | Reached skill level 8 in Shields
  4701 | D:5      | Got a steaming ice dragon armour
  4729 | D:5      | Identified the +5 ice dragon armour of Failure {rPois rF- rC++} (You found it on level 5 of the Dungeon)
  4872 | D:5      | Gained mutation: You have a pair of small antennae on your head. [mutagenic meat]
  4876 | D:5      | Gained mutation: You have sharp toenails. [mutagenic meat]
  4877 | D:5      | Gained mutation: Your flesh is heat resistant. [mutagenic meat]
  4878 | D:5      | Gained mutation: You possess an exceptional clarity of mind. [mutagenic meat]
  4889 | D:5      | Reached skill level 1 in Dodging
  5181 | D:6      | Found a snail-covered altar of Cheibriados.
  5436 | D:6      | Reached skill level 9 in Shields
  5454 | D:6      | Gained mutation: You are agile. (Dex +2) [mutagenic meat]
  5455 | D:6      | Lost mutation: You are agile. (Dex +2) [mutagenic meat]
  5457 | D:6      | Gained mutation: You can translocate small distances at will. [mutagenic meat]
  5459 | D:6      | Gained mutation: You are agile. (Dex +2) [mutagenic meat]
  5843 | D:6      | Reached **** piety under the Shining One
  6080 | D:6      | Reached XP level 10. HP: 61/61 MP: 10/10
  6885 | D:5      | Bought a scroll of brand weapon for 220 gold pieces
  7570 | D:8      | Reached skill level 1 in Maces & Flails
  7623 | D:8      | Reached skill level 10 in Shields
  7679 | D:8      | Found a sparkling altar of Nemelex Xobeh.
  8022 | D:9      | Got a translucent scale mail
  8033 | D:9      | Identified the cursed +0 scale mail "Billi" {rPois MR+ Str+4} (You found it on level 9 of the Dungeon)
  8179 | D:9      | Found a staircase to the Orcish Mines.
  8338 | D:9      | Reached ***** piety under the Shining One
  9144 | D:10     | Entered Level 10 of the Dungeon
  9151 | D:10     | Found Ugymosi's Gadget Emporium.
  9178 | D:10     | Got an encrusted leather armour
  9189 | D:10     | Identified the +2 leather armour "Maiwicw" {MP-9 Dex+5 Slay+2} (You found it on level 10 of the Dungeon)
  9213 | D:10     | Found a flagged portal.
  9220 | Bailey   | Entered a bailey
  9282 | Bailey   | Noticed a kobold demonologist
  9282 | Bailey   | Noticed a kobold demonologist
  9283 | Bailey   | Noticed an orange demon
  9304 | Bailey   | Noticed a sixfirhy
  9308 | Bailey   | Killed a kobold demonologist
  9324 | Bailey   | Killed a kobold demonologist
  9324 | Bailey   | Reached XP level 11. HP: 60/67 MP: 11/11
  9347 | Bailey   | Found an iron altar of Okawaru.
  9821 | Bailey   | Reached skill level 11 in Shields
  9993 | Bailey   | Noticed an orc knight
 10008 | Bailey   | Killed an orc knight
 10082 | Bailey   | Got a smoking iron amulet
 10084 | Bailey   | Identified the amulet of Mabruh {Dismiss MP-9 Str+8 Dex+4} (You acquired it in a bailey)
 10736 | D:11     | Noticed a brown ugly thing
 10745 | D:11     | Killed a brown ugly thing
 10757 | D:11     | Gained mutation: You expend magic power (3 MP) to strengthen your wands. [mutagenic meat]
 10770 | D:11     | Noticed a hill giant
 10783 | D:11     | Killed a hill giant
 11150 | D:11     | Found a staircase to the Lair.
 11197 | D:11     | Killed a cyclops
 11398 | D:11     | Got a pitted whip {freeze}
 11472 | D:11     | Noticed a sun demon
 11473 | D:11     | Noticed a sixfirhy
 11476 | D:11     | Noticed a sun demon
 11485 | D:11     | Noticed a sixfirhy
 11488 | D:11     | Reached skill level 5 in Dodging
 11488 | D:11     | Reached skill level 1 in Stealth
 11501 | D:11     | Reached skill level 12 in Shields
 11712 | D:12     | Identified the +9 whip "Sirulo Agohi" {freeze, rPois rF- Dex+3} (You took it off a big kobold on level 11 of the Dungeon)
 11960 | D:12     | Reached skill level 5 in Maces & Flails
 11969 | D:12     | Lost mutation: Your flesh is heat resistant. [mutagenic meat]
 11976 | D:12     | Noticed ciphuk's ghost (journeyman DrMo)
 12006 | D:12     | Killed ciphuk's ghost
 12006 | D:12     | Reached XP level 12. HP: 69/75 MP: 3/12
 12135 | D:12     | Found Nugy's General Store.
 12138 | D:12     | Bought a meat ration for 70 gold pieces
 12144 | D:12     | Noticed an eight-headed hydra
 12155 | D:12     | Killed an eight-headed hydra
 12450 | D:13     | Gained mutation: You are somewhat resistant to further mutation. [mutagenic meat]
 12738 | D:13     | Reached skill level 13 in Shields
 12809 | D:13     | Reached ****** piety under the Shining One
 12834 | D:13     | Noticed a vault guard
 12864 | D:13     | Killed a vault guard
 12883 | D:13     | Noticed a vault guard
 12899 | D:13     | Killed a vault guard
 12921 | D:13     | Reached XP level 13. HP: 55/82 MP: 4/13
 12926 | D:13     | Found a gate to the Vaults.
 13348 | D:13     | Reached skill level 10 in Fighting
 13677 | D:13     | Found a burning altar of Makhleb.
 13692 | D:13     | Got a brightly glowing chain mail
 13855 | D:13     | Identified the +5 chain mail of a labyrinth {rN+ MR- Dex-3 Slay+4} (You found it on level 13 of the Dungeon)
 14733 | D:15     | Entered Level 15 of the Dungeon
 14745 | D:15     | Found Casymel's General Store.
 14757 | D:15     | Reached skill level 14 in Shields
 15536 | D:15     | Found a portal to a secret trove of treasure.
 16175 | D:15     | Found a staircase to the Depths.
 16175 | D:15     | Noticed a yaktaur captain
 16209 | D:15     | Killed a yaktaur captain
 16368 | Lair:1   | Entered Level 1 of the Lair of Beasts
 16415 | Lair:1   | Noticed Necrotakul's ghost (journeyman OpFi)
 16487 | Lair:1   | Found a frozen archway.
 16525 | IceCv    | Entered an ice cave
 16765 | IceCv    | Gained mutation: Your large and strong wings let you fly indefinitely. [Gargoyle growth]
 16765 | IceCv    | Reached XP level 14. HP: 88/88 MP: 5/14
 16922 | IceCv    | Reached skill level 15 in Shields
 16994 | IceCv    | Noticed a white draconian
 17046 | IceCv    | Killed a white draconian
 17607 | Lair:1   | Killed Necrotakul's ghost
 18596 | Lair:2   | You are sucked into a shaft!
 18596 | Lair:3   | Found a staircase to the Shoals.
 18605 | Lair:3   | Reached skill level 10 in Maces & Flails
 18894 | Lair:3   | Found a staircase to the Snake Pit.
 19682 | Lair:4   | Found a dark tunnel.
 20242 | Volcano  | Entered a volcano
 20246 | Volcano  | Reached skill level 16 in Shields
 20544 | Lair:4   | You are sucked into a shaft!
 21353 | Lair:6   | Noticed Dwachs's ghost (journeyman SpEn)
 21363 | Lair:6   | Killed Dwachs's ghost
 21363 | Lair:6   | Reached XP level 15. HP: 92/94 MP: 6/15
 21394 | Lair:6   | Found a viscous altar of Jiyva.
 21394 | Lair:6   | Found a staircase to the Slime Pits.
 23496 | Lair:7   | Reached skill level 17 in Shields
 23747 | Lair:8   | Entered Level 8 of the Lair of Beasts
 25284 | Lair:8   | Reached XP level 16. HP: 62/101 MP: 7/16
 25662 | Orc:1    | Entered Level 1 of the Orcish Mines
 25690 | Orc:1    | Found a roughly hewn altar of Beogh.
 25828 | Orc:1    | Noticed Nergalle
 25861 | Orc:1    | Killed Nergalle
 25871 | Orc:1    | Noticed Snorg
 25891 | Orc:1    | Killed Snorg
 26224 | Orc:1    | Reached skill level 18 in Shields
 26338 | Orc:1    | Reached skill level 10 in Armour
 26395 | Orc:1    | Found a roughly hewn altar of Beogh.
 26561 | Orc:2    | Entered Level 2 of the Orcish Mines
 26566 | Orc:2    | Found a staircase to the Elven Halls.
 26601 | Orc:2    | Found Paugam's General Store.
 26798 | Orc:1    | Reached skill level 10 in Dodging
 27011 | Orc:2    | Paralysed by an orc sorcerer for 3 turns
 27283 | Orc:2    | Bought a scroll of identify for 28 gold pieces
 27283 | Orc:2    | Bought a potion of heal wounds for 70 gold pieces
 27311 | Orc:2    | Found Effenlya's Antique Armour Shop.
 27337 | Orc:2    | Noticed Azrael
 27355 | Orc:2    | Killed Azrael
 27393 | Orc:2    | Bought a bloodstained scale mail for 252 gold pieces
 27393 | Orc:2    | Bought a pair of distressingly furry gloves for 266 gold pieces
 27393 | Orc:2    | Bought a pair of runed boots for 126 gold pieces
 27393 | Orc:2    | Bought a dazzling ring mail for 252 gold pieces
 27416 | Orc:2    | Identified the +0 pair of gloves of Ocles {rElec rN++ Str-5} (You bought it in a shop on level 2 of the Orcish Mines)
 27436 | Orc:2    | Identified the +0 scale mail "Cusotut" {*Drain rPois rC++ rCorr} (You bought it in a shop on level 2 of the Orcish Mines)
 27446 | Orc:2    | Identified the +4 ring mail "Deiskerr" {Int+4} (You bought it in a shop on level 2 of the Orcish Mines)
 27711 | Orc:2    | Found Gerublack's Jewellery Boutique.
 27719 | Orc:2    | Bought the cursed ring of Duarefok {-Tele rPois rN+ Str+3 Int-4} for 176 gold pieces
 27816 | Orc:2    | Found Ynyv's Antique Weapon Shoppe.
 27850 | Orc:2    | Bought a bone morningstar for 225 gold pieces
 27850 | Orc:2    | Identified the +6 morningstar of the Scorpion {antimagic, Str+3 Stlth+} (You bought it in a shop on level 2 of the Orcish Mines)
 28430 | Shoals:1 | Entered Level 1 of the Shoals
 29757 | Shoals:2 | Reached XP level 17. HP: 52/108 MP: 2/17
 29772 | Shoals:2 | Reached skill level 19 in Shields
 29997 | Shoals:2 | Noticed Frances
 30013 | Shoals:2 | Killed Frances
 30349 | Shoals:3 | Noticed Nikola
 30365 | Shoals:3 | Noticed Louise
 30382 | Shoals:3 | Killed Nikola
 30397 | Shoals:3 | Killed Louise
 30551 | Shoals:3 | Noticed a kraken
 30574 | Shoals:3 | Killed a kraken
 31334 | Shoals:3 | Noticed Donald
 31343 | Shoals:3 | Killed Donald
 31394 | Shoals:3 | Noticed a kraken
 31482 | Shoals:3 | The Shining One protects you from harm!
 31598 | Shoals:3 | Killed a kraken
 31974 | Shoals:4 | Entered Level 4 of the Shoals
 31997 | Shoals:4 | Reached skill level 1 in Throwing
 32047 | Shoals:4 | Slain by a sea snake

Skill      XL: |  1  2  3  4  5  6  7  8  9 10 11 12 13 14 15 16 17 |
---------------+----------------------------------------------------+-----
Long Blades    | 2 3 4 6 7 |  7.7
Shields        | 4 5 6 7 9 10 12 13 14 16 17 18 19 | 19.7
Fighting       | 4 5 6 7 8 9 10 11 12 | 12.9
Armour         | 4 5 6 7 8 9 10 | 10.4
Dodging        | 2 4 5 6 7 8 9 10 11 | 11.1
Maces & Flails | 3 5 7 9 10 11 12 13 | 13.3
Stealth        | 1 2 |  2.5
Throwing       | 1 |  1.1

Action                   |  1- 3 |  4- 6 |  7- 9 | 10-12 | 13-15 | 16-18 || total
-------------------------+-------+-------+-------+-------+-------+-------++-------
Melee: Long sword        |   104 |   145 |   398 |   107 |       |       ||   754
       Kick              |       |       |    42 |   130 |       |       ||   172
       Flail             |       |       |       |   947 |  1966 |   493 ||  3406
       Morningstar       |       |       |       |       |       |   625 ||   625
Throw: Tomahawk          |       |       |       |       |       |    58 ||    58
 Abil: Blink             |       |       |       |     1 |       |       ||     1
       Fly               |       |       |       |       |     1 |       ||     1
  Use: Scroll            |       |     4 |    15 |    13 |    23 |     4 ||    59
       Potion            |       |     1 |     6 |     7 |     5 |    16 ||    35
  Eat: Chunk             |     1 |     3 |    14 |     7 |     5 |    12 ||    42
       Bread ration      |       |     1 |     1 |     2 |     4 |     1 ||     9
       Pizza             |       |     1 |       |     1 |     2 |     1 ||     5
       Beef jerky        |       |       |       |     5 |     1 |       ||     6
       Meat ration       |       |       |       |     1 |     2 |     1 ||     4
       Fruit             |       |       |       |     1 |    13 |       ||    14
       Royal jelly       |       |       |       |       |     1 |       ||     1
Armor: Plate armour      |    88 |   108 |   169 |       |       |       ||   365
       Ice dragon armour |       |       |    89 |   771 |   808 |   619 ||  2287
Dodge: Dodged            |    19 |    25 |   108 |   661 |   868 |   682 ||  2363
Block: Shield            |    61 |    84 |   274 |  1112 |   236 |       ||  1767
       Large shield      |       |       |       |       |  2450 |  2101 ||  4551
